 Dungeon Crawl Stone Soup version 0.13.0-25-g43d4df3 (webtiles) character file.

81 Bloax the Ruffian (level 2, -2/16 HPs)
             Began as a Gargoyle Transmuter on Oct 27, 2013.
             Slain by an adder (4 damage)
             ... on Level 2 of the Dungeon.
             The game lasted 00:01:30 (412 turns).

Bloax the Ruffian (Gargoyle Transmuter)              Turns: 412, Time: 00:01:30

HP  -2/16        AC  4     Str 13      XL: 2   Next: 87%
MP   3/3         EV 14     Int 13      God:
Gold 60          SH  0     Dex 10      Spells:  1 memorised,  4 levels left

Res.Fire  : + . .   See Invis. : .     - Unarmed
Res.Cold  : + . .   Warding    : .   c - +0 robe
Life Prot.: + . .   Conserve   : .   (no shield)
Res.Poison: +       Res.Corr.  : .   (no helmet)
Res.Elec. : +       Clarity    : .   (no cloak)
Sust.Abil.: . .     Spirit.Shd : .   (no gloves)
Res.Mut.  : .       Stasis     : .   (no boots)
Res.Rott. : +       Flight     : .   (no amulet)
Saprovore : . . .                    (no ring)
                                     g - +2 ring of evasion

@: not resistant to hostile enchantments, unstealthy
A: fangs 1, talons 2, life protection 1, electricity resistance, slow metabolism
1, unbreathing, petrification resistance, AC +2
a: no special abilities


You were on level 2 of the Dungeon.
You were not hungry.

You visited 1 branch of the dungeon, and saw 2 of its levels.

You collected 40 gold pieces.


Innate Abilities, Weirdness & Mutations

You are resistant to torment.
You are immune to poison.
Your stone body is very resilient (AC +2).
You have very sharp teeth.
You have razor-sharp toenails.
You resist negative energy.
You are resistant to electric shocks.
You have a slow metabolism.
You can survive without breathing.
You are immune to petrification.


   Skills:
 + Level 1.9 Fighting
 + Level 2.0 Dodging
 + Level 3.7 Unarmed Combat
 - Level 2.0 Spellcasting
 - Level 1.5 Transmutations


You had 4 spell levels left.
You knew the following spells:

 Your Spells              Type           Power        Failure   Level  Hunger
a - Beastly Appendage     Trmt           #.....       14%         1    ##.....


Dungeon Overview and Level Annotations

Branches:
Dungeon (2/27)

Altars:

Inventory:

Missiles
 b - 12 arrows
Armour
 c - a +0 robe (worn)
Comestibles
 a - a bread ration
 f - a pear
Scrolls
 e - a scroll of recharging {unknown}
 h - a scroll of amnesia {unknown}
 i - a scroll of teleportation {unknown}
 j - a scroll of enchant armour {unknown}
Jewellery
 g - a +2 ring of evasion (left hand)
   (You found it on level 1 of the Dungeon)
Books
 d - a book of Changes

   Spells                             Type                      Level
   *Beastly Appendage                 Transmutation                1
   Sticks to Snakes                   Transmutation                2
   Spider Form                        Transmutation/Poison         3
   Ice Form                           Ice/Transmutation            4
   Blade Hands                        Transmutation                5

##.# #.# #..#..# ###
..... ..# #.#.#.#...#
##### ###
#.#.#.#...## #
#####.#.#.......
................. ##
.....%...........# .#
..#.###.###r###...###
.####..#.# #.# #S# .#
.......#.# #.# #@#
######.#.# #.# #.# #
#.#.# #.# #.# # #.#.#
#.# #.#
######.#.###.# #.#
.............###.#
.................#
####.############# #
#.#


You could see an adder and a rat.


Message History

You see here a dart.
You see here an animal skin.
Found 13 gold pieces.
Found a stone staircase leading down.
The kobold closely misses you.
You barely miss the kobold. You claw the kobold.
You kill the kobold!
No target in view!
No target in view!
You now have 60 gold pieces (gained 13).
There are no items here.
Found a scroll labeled ZUUGIUSKOI.
h - a scroll labeled ZUUGIUSKOI
Found a stone staircase leading up.
Found a scroll labeled STEMEBL GHISO.
An adder comes into view.
Found a black potion.
The adder closely misses you.
You see here a scroll labeled STEMEBL GHISO.
i - a scroll labeled STEMEBL GHISO The adder closely misses you.
You hit the adder.
The adder is moderately wounded.
The adder barely misses you.
You hit the adder but do no damage.
The adder is moderately wounded.
The adder misses you. The adder bites you.
You closely miss the adder.
The adder is moderately wounded.
The adder bites you.
You hit the adder. You claw the adder.
The adder is almost dead.
The adder bites you.
* * * LOW HITPOINT WARNING * * *
You are too injured to fight recklessly!
You are too injured to fight recklessly!
You are too injured to fight recklessly!
You are too injured to fight recklessly!
You are too injured to fight recklessly!
You closely miss the adder.
The adder is severely wounded.
The adder barely misses you.
You barely miss the adder.
The adder is severely wounded.
The adder bites you.
* * * LOW HITPOINT WARNING * * *
You hit the adder.
The adder is almost dead.
The adder bites you.
* * * LOW HITPOINT WARNING * * *
You aren't carrying any potions.
You hit the adder.
You kill the adder!
Your Dodging skill increases to level 2!
You see here an adder corpse.
j - a black potion Drink which item? (? for menu, Esc to quit)
You feel protected.
It was a potion of resistance.
Found a scroll labeled JOISHR TOENIK.
An adder and a rat come into view.
Found a bread ration.
You see here a scroll labeled JOISHR TOENIK.
j - a scroll labeled JOISHR TOENIK The rat bites you.
* * * LOW HITPOINT WARNING * * *
You closely miss the adder. The adder completely misses you.
The adder closely misses you.
You barely miss the adder. The adder closely misses you.
You closely miss the adder. The adder bites you.
You die...

Action                   || total
-------------------------++-------
Melee: Unarmed           ||    54
  Use: Potion            ||     1

Vault maps used:
D:1:      evilmike_entry_crescent, serial_bayou_lagoon_a, minivault_19,
          minmay_misc_feat_pillars

Notes
Turn   | Place    | Note
--------------------------------------------------------------
     0 | D:1      | Bloax, the Gargoyle Transmuter, began the quest for the Orb.
     0 | D:1      | Reached XP level 1. HP: 12/12 MP: 1/1
   212 | D:1      | Reached XP level 2. HP: 12/16 MP: 3/3
   376 | D:2      | HP: 1/16 [adder (4)]
   377 | D:2      | Reached skill level 2 in Dodging
   407 | D:2      | HP: 1/16 [rat (1)]
   412 | D:2      | Slain by an adder

Vanquished Creatures
  An adder (D:2)
  A giant cockroach (D:1)
  A hobgoblin (D:1)
  4 jackals (D:1)
  A kobold (D:2)
  A giant newt (D:1)
  2 rats (D:1)
11 creatures vanquished.
